 Dungeon Crawl Stone Soup version 0.21.0 (webtiles) character file.

51 tidbits the Sneak (level 3, 11/14 HPs)
             Began as a Felid Earth Elementalist on Jan 6, 2018.
             Was an Initiate of Ashenzari.
             Quit the game on level 6 of the Dungeon.
             The game lasted 00:07:15 (555 turns).

tidbits the Sneak (Felid Earth Elementalist)         Turns: 555, Time: 00:07:16

Health: 11/14      AC:  1    Str:  5    XL:     3   Next: 58%
Magic:  7/7        EV: 18    Int: 16    God:    Ashenzari [......]
Gold:   49         SH:  0    Dex: 16    Spells: 3/6 levels left
                                        Lives:  0   Deaths: 1

rFire    . . .     SeeInvis +     - Unarmed
rCold    . . .     Gourm    .   (shield unavailable)
rNeg     . . .     Faith    .   (armour unavailable)
rPois    .         Spirit   .   (helmet unavailable)
rElec    .         Reflect  .   (cloak unavailable)
rCorr    .         Harm     .   (gloves unavailable)
MR       .....                  (boots unavailable)
Stlth    +++.......             (no amulet)
HPRegen  0.04/turn              (no ring)
MPRegen  0.10/turn              (no ring)

@: lethally poisoned (11 -> -1), quick
A: very small, no armour, no weapons or thrown items, stealth, claws 1, fangs 3,
see invisible, carnivore, speed 1, shaggy fur 1, slow metabolism 1, sharp paws
a: Curse Item, Renounce Religion


You were on level 6 of the Dungeon.
You worshipped Ashenzari.
Ashenzari was noncommittal.
You were not hungry.

You visited 1 branch of the dungeon, and saw 6 of its levels.

You collected 49 gold pieces.

Inventory:

Missiles
 b - 62 stones
Wands
 j - a wand of iceblast (9)
Scrolls
 g - a scroll of fog
 i - a scroll of remove curse
Books
 d - a book of Geomancy

   Spells                             Type                      Level
   a - Sandblast                      Earth                        1
   b - Passwall                       Transmutation/Earth          2
   c - Stone Arrow                    Conjuration/Earth            3
   d - Petrify                        Transmutation/Earth          4
   e - Lee's Rapid Deconstruction     Earth                        5
Comestibles
 c - 3 rations


   Skills:
 - Level 2.6 Dodging
 + Level 5.3 Stealth
 + Level 2.9 Unarmed Combat
 - Level 2.0 Spellcasting
 - Level 1.1 Transmutations
 - Level 2.6 Earth Magic


You had 3 spell levels left.
You knew the following spells:

 Your Spells              Type           Power        Failure   Level  Hunger
a - Sandblast             Erth           ##....       7%          1    #......
p - Passwall              Tmut/Erth      #.........   14%         2    ###....


Dungeon Overview and Level Annotations

Branches:
Dungeon (6/15)             Temple (0/1) D:6

Altars:
Ashenzari

Shops:
D:5 =

Annotations:
D:4 exclusion: phantom
D:6 Grinder


Innate Abilities, Weirdness & Mutations

You cannot wear armour.
You are incapable of wielding weapons or throwing items.
Your paws allow you to move quietly. (Stealth)
You have sharp claws.
You have razor-sharp teeth.
You have supernaturally acute eyesight. (SInv)
You are carnivorous and can eat meat at any time.
You cover ground quickly.
You are covered in fur. (AC +1)
You have a slow metabolism.
Your sharp claws are effective at attacking unaware monsters.


Message History

a - a scroll labeled OSYEHEJIZY A worker ant comes into view.
You see here a glowing dark potion.
e - a glowing dark potion A wight and a skeleton come into view.
Found a cursed short sword.
The helpless bullfrog skeleton fails to defend itself.
You mangle the bullfrog skeleton!!
The bullfrog skeleton is severely damaged.
You flicker for a moment.
Casting: Sandblast
Confirm with . or Enter, or press ? or * to list all spells.
Aiming: Sandblast
Press: ? - help, Shift-Dir - straight line, f - bullfrog skeleton, p - wight
Aim: a bullfrog skeleton (severely damaged, hasn't noticed you)
The blast of sand hits the bullfrog skeleton.
You destroy the bullfrog skeleton!
Your Stealth skill increases to level 5!
b - 64 stones
Casting: Sandblast
Confirm with . or Enter, or press ? or * to list all spells.
Aiming: Sandblast
Press: ? - help, Shift-Dir - straight line, f - wight
Aim: a wight, wielding a mace and wearing a robe (moderately damaged)
The blast of sand hits the wight.
The wight is moderately damaged.
b - 63 stones You feel a little less mighty now.
Casting: Sandblast
Confirm with . or Enter, or press ? or * to list all spells.
Aiming: Sandblast
Press: ? - help, Shift-Dir - straight line, f/p - wight
Aim: a wight, wielding a mace and wearing a robe (moderately damaged, hasn't noticed you)
The blast of sand hits the wight.
The wight is moderately damaged.
b - 62 stones A phantom comes into view.
Unknown command.
You flicker back into view.
Found a stone staircase leading up.
A phantom opens the door.
There is a stone staircase leading up here.
You climb upwards.
You hear the sound of rushing water.
There is an entrance to a sewer on this level.
Hurry and find it before the portal rusts away!
You hear the rusting of a very distant drain.
The crimson imp shouts!
A leopard gecko and a giant cockroach come into view.
The leopard gecko hisses angrily.
You hear an angry hiss.
There is a stone staircase leading down here.
An adder comes into view.
The leopard gecko bites you.
* * * LOW HITPOINT WARNING * * *
The crimson imp misses you.
The adder hisses angrily.
Found an uncursed ring of protection from magic.
Okay, then.
As you read the scroll labeled OSYEHEJIZY, it crumbles to dust.
This is a scroll of acquirement! [c] Jewellery [d] Book [f] Evocable [g] Food [h] Gold What kind of item would you like to acquire? (\ to view known items)
Something appears before you! The adder barely misses you.
The leopard gecko misses you.
The crimson imp blinks!
The adder barely misses you.
Press: ? - help, v - describe, . - travel, g - get item The cursed ring "Juyw" {*Slow rN+ MP+9 SInv}.
The floor.
It was a potion of brilliance.
You feel clever all of a sudden. The leopard gecko closely misses you.
The adder bites you.
You die...
The leopard gecko closely misses you.
You are now level 3!
You rejoin the land of the living...
Found a stone staircase leading down.
Unknown command.
There is a stone staircase leading down here.
You climb downwards.
Level annotation: Grinder
Found a stone staircase leading down.
There is a stone staircase leading up here.
Found 12 gold pieces.
You aren't carrying any potions.
Unknown command.
You found a teleport trap! x2
Really walk into that teleport trap?
You enter a teleport trap!
The teleport trap disappears.
Your surroundings suddenly seem different.
An adder comes into view.
The worker ant twitches its antennae in your direction.
The worker ant bites you.
The crimson imp shouts!
You barely miss the crimson imp.
You bite the crimson imp, but do no damage.
The crimson imp puffs mist at you. The crimson imp barely misses you.
The worker ant bites you.
You are lethally poisoned!
The worker ant poisons you!
Are you sure you want to abandon this character and quit the game? (Confirm with "yes".)

##....... .... #...........
.<............ #.)..#..z........
.............. #....#...#.......
............... #....#...#.......
...##.......... #....#...#.......
....# .>.....S.##....#...#.......
..#.#....................#.......
....... .......a.........########
....... ......5@........#
.$.....########..........########
..###...........................#
... ...........#...#...........#
###+###.........#...#...........#
#.....#.............#...........#
#.⌠.⌠z#.............#...........#
'..>..'.........................#
#.⌠.⌠.######....................#


You could see a worker ant, a crimson imp and an adder.

Vanquished Creatures
  An iguana (D:6)
  An orc wizard (D:4)
  A bullfrog skeleton (D:6)
  2 adders (D:3)
  A worm (D:2)
  2 bats
  A kobold (D:3)
  2 frilled lizards
11 creatures vanquished.

Notes
Turn   | Place    | Note
-------+----------+-------------------------------------------
     0 | D:1      | tidbits the Felid Earth Elementalist began the quest for the Orb.
     0 | D:1      | Reached XP level 1. HP: 7/7 MP: 4/4
    46 | D:3      | Reached skill level 3 in Stealth
    46 | D:3      | Reached skill level 1 in Unarmed Combat
    46 | D:3      | Reached XP level 2. HP: 11/11 MP: 1/6
    50 | D:3      | Learned a level 2 spell: Passwall
   119 | D:2      | Reached skill level 4 in Stealth
   199 | D:4      | Found a shattered altar of Ashenzari.
   203 | D:4      | Became a worshipper of Ashenzari the Shackled
   211 | D:4      | Reached skill level 2 in Unarmed Combat
   211 | D:4      | Reached XP level 3. HP: 8/14 MP: 3/7
   302 | D:4      | Noticed a phantom
   368 | D:5      | Entered Level 5 of the Dungeon
   369 | D:5      | Found Sepigoan's Jewellery Shop.
   427 | D:6      | Reached XP level 4. HP: 13/18 MP: 3/8
   452 | D:6      | Noticed Grinder
   460 | D:6      | Found a staircase to the Ecumenical Temple.
   465 | D:6      | Paralysed by Grinder for 2 turns
   466 | D:6      | HP: 1/18 [Grinder (3)]
   516 | D:6      | Reached skill level 5 in Stealth
   519 | D:6      | Noticed a phantom
   537 | D:5      | Identified a scroll of acquirement
   537 | D:5      | Identified the cursed ring "Juyw" {*Slow rN+ MP+9 SInv} (You acquired it on level 5 of the Dungeon)
   538 | D:5      | Slain by an adder
   539 | D:5      | Reached XP level 3. HP: 0/14 MP: 7/7
   555 | D:6      | Quit the game

Skill      XL: |  1  2  3  4 |
---------------+-------------+-----
Stealth        | 3 4 5 |  5.3
Unarmed Combat | 1 2 |  2.9
Dodging        | |  2.6
Spellcasting   | |  2.0
Transmutations | |  1.1
Earth Magic    | |  2.6

Action                   |  1- 3 |  4- 6 || total
-------------------------+-------+-------++-------
Melee: Unarmed           |     5 |     2 ||     7
       Bite              |     1 |       ||     1
 Cast: Sandblast         |    17 |     4 ||    21
Evoke: Wand              |       |     2 ||     2
  Use: Potion            |     1 |     3 ||     4
       Scroll            |       |     4 ||     4
 Stab: Sleeping          |     2 |     1 ||     3
       Invisible         |     1 |       ||     1
  Eat: Chunk             |     2 |       ||     2
Dodge: Dodged            |    12 |     6 ||    18

Table legend:
 A = Turns spent in this place as a percentage of turns spent in the entire game.
 B = Non-inter-level travel turns spent in this place as a percentage of non-inter-level travel turns spent in the entire game.
 C = Inter-level travel turns spent in this place as a percentage of turns spent in this place.
 D = Turns resting spent in this place as a percentage of non-inter-level travel turns spent in this place.
 E = Turns spent auto-exploring this place as a percentage of non-inter-level travel turns spent in this place.
 F = Non-inter-level travel turns spent in this place divided by the number of levels of this place that you've seen.
                   A       B       C       D       E      F
               +-------+-------+-------+-------+-------+----------------------
         Total | 100.0 | 100.0 |   0.2 |   0.0 |   0.0 |  92.3
       Dungeon | 100.0 | 100.0 |   0.2 |   0.0 |   0.0 |  92.3
               +-------+-------+-------+-------+-------+----------------------

Table legend:
 A = Kills in this place as a percentage of kills in entire the game.
 B = Kills by you in this place as a percentage of kills by you in the entire game.
 C = Kills by friends in this place as a percentage of kills by friends in the entire game.
 D = Other kills in this place as a percentage of other kills in the entire game.
 E = Experience gained in this place as a percentage of experience gained in the entire game.
 F = Experience gained in this place divided by the number of levels of this place that you have seen.
                   A       B       C       D       E      F
               +-------+-------+-------+-------+-------+----------------------
         Total | 100.0 | 100.0 |   N/A |   N/A | 100.0 |  26.0
       Dungeon | 100.0 | 100.0 |   N/A |   N/A | 100.0 |  26.0
               +-------+-------+-------+-------+-------+----------------------

Vault maps used:
D:1:      minmay_arrival_four_houses
D:2:      uniq_sigmund
D:3:      wad_lake_hut
D:4:      nicolae_dithmenos_through_a_glass_darkly,
          ashenzari_conservatory_becter, first_ration, serial_bayou_pond_e
D:5:      kennysheep_mini_moat, cheibrodos_sewer_entry_drain, serial_shops,
          shop, uniq_blork_the_orc
D:6:      minmay_temple_entry_hall, uniq_grinder
